 Dungeon Crawl Stone Soup version 0.29.1-12-g30fa7ad0bf (webtiles) character file.

Game seed: 2566279910917969451

12522 retardedninja the Cleaver (level 11, -1/104 HPs)
             Began as a Hill Orc Fighter on Jan 6, 2023.
             Was an Initiate of Gozag.
             Slain by a large slime creature (20 damage)
             ... on level 12 of the Dungeon.
             The game lasted 00:16:57 (12744 turns).

retardedninja the Cleaver (Hill Orc Fighter)       Turns: 12744, Time: 00:16:57

Health: -1/104     AC: 25    Str: 24    XL:     11   Next: 94%
Magic:  11/11      EV:  7    Int:  8    God:    Gozag
Gold:   1791       SH:  6    Dex: 10    Spells: 10/10 levels left

rFire   . . .      SeeInvis .   a - +1 war axe (venom)
rCold   . . .      Faith    .   c - +0 buckler
rNeg    . . .      Spirit   .   D - +2 plate armour
rPois   .          Reflect  .   C - +2 helmet
rElec   .          Harm     .   b - +0 cloak
rCorr   +          Rampage  .   e - +0 pair of gloves
Will    .....                   w - +1 pair of boots
Stlth   ..........              B - amulet of regeneration
HPRegen 1.07/turn               i - +4 ring of slaying
MPRegen 0.12/turn               s - ring of resist corrosion

@: mighty, marked, gold aura
A: no striking features
a: Renounce Religion, Potion Petition, Call Merchant, Bribe Branch


You were on level 12 of the Dungeon.
You worshipped Gozag.
Gozag was most pleased with you.
You visited 2 branches of the dungeon, and saw 13 of its levels.

You collected 2050 gold pieces.
You spent 165 gold pieces at shops.
You paid 94 gold pieces to Gozag.

Inventory:

Hand Weapons
 a - a +1 war axe of venom (weapon)
Armour
 b - a +0 cloak (worn)
 c - a +0 buckler (worn)
 e - a +0 pair of gloves (worn)
 w - a +1 pair of boots (worn)
 C - a +2 helmet (worn)
 D - a +2 plate armour (worn)
Jewellery
 i - a +4 ring of slaying (left hand)
 k - a +6 ring of dexterity
 s - a ring of resist corrosion (right hand)
 B - an amulet of regeneration (around neck)
 G - a +4 ring of evasion
Wands
 d - a wand of roots (9)
 f - a wand of light (15)
 q - a wand of polymorph (8)
 v - a wand of paralysis (9)
 y - a wand of mindburst (15)
 I - a wand of flame (10)
Scrolls
 j - a scroll of teleportation
 n - 3 scrolls of blinking
 o - a scroll of magic mapping
 t - a scroll of butterflies
 A - 2 scrolls of vulnerability
 F - 2 scrolls of amnesia
 H - a scroll of poison
Potions
 g - 4 potions of mutation
 h - 4 potions of attraction
 l - a potion of cancellation
 m - 9 potions of curing
 p - 3 potions of heal wounds
 r - 5 potions of flight
 u - a potion of magic
 x - a potion of degeneration {unknown}
 z - 2 potions of lignification
 E - a potion of invisibility {unknown}


   Skills:
 + Level 11.8 Fighting
 + Level 12.4 Axes
 + Level 10.8 Armour
 + Level 10.9 Shields


You had 10 spell levels left.
You didn't know any spells.
Your spell library contained the following spells:

 Spells                   Type           Power      Damage    Failure   Level
 Slow                     Hex            0%         N/A       99%         1
 Blink                    Tloc           0%         N/A       100%        2
 Confusing Touch          Hex            0%         N/A       100%        3
 Conjure Flame            Conj/Fire      0%         6-21      100%        3
 Ignite Poison            Fire/Tmut/Pois 0%         N/A       100%        3
 Lesser Beckoning         Tloc           0%         N/A       100%        3
 Ozocubu's Armour         Ice            0%         N/A       100%        3
 Vampiric Draining        Necr           0%         2d6       100%        3
 Sticky Flame             Conj/Fire      0%         2d3       100%        4
 Summon Ice Beast         Ice/Summ       0%         N/A       100%        4
 Manifold Assault         Tloc           0%         N/A       100%        5
 Summon Mana Viper        Hex/Summ       0%         N/A       100%        5
 Monstrous Menagerie      Summ           0%         N/A       100%        7
 Ozocubu's Refrigeration  Ice            0%         4d7       100%        7


Dungeon Overview and Level Annotations

Branches:
Dungeon (12/15)            Temple (1/1) D:4            Lair (0/5) D:10
    Orc: D:9-12

Altars:
Ashenzari
Cheibriados
Dithmenos
Elyvilon
Fedhas
Gozag
Hepliaklqana
Kikubaaqudgha
Makhleb
Nemelex Xobeh
Okawaru
Qazlal
Ru
Sif Muna
Trog
Uskayaw
Vehumet
Wu Jian
Xom
Yredelemnul
Zin
The Shining One

Shops:
D:6 ?   D:8 *


Message History

The large slime creature is moderately wounded.
You slash the slime creature!
The large slime creature closely misses you.
The slime creature hits you but does no damage.
Two slime creatures merge to form a large slime creature.
You hit the large slime creature.
The large slime creature is moderately wounded.
You slash the large slime creature! The large slime creature hits you!
Unknown command.
You slash the large slime creature!
The large slime creature is heavily wounded.
You slash the large slime creature! The large slime creature hits you.
You feel very mighty all of a sudden.
The large slime creature hits you but does no damage.
The large slime creature hits you.
Unknown command.
You hit the large slime creature.
The large slime creature is poisoned.
The large slime creature is moderately wounded.
You slice the large slime creature!! You barely miss the centaur.
The centaur unwields a +0 shortbow.
The centaur hits you but does no damage.
The centaur kicks you but does no damage.
You block the large slime creature's attack.
The large slime creature hits you!
You slash the large slime creature!
The large slime creature is moderately wounded.
You slash the large slime creature! You slice the centaur!!
The centaur is poisoned.
You kill the centaur!
You block the large slime creature's attack.
The large slime creature hits you!!
You slice the large slime creature!!
The large slime creature is heavily wounded.
You slash the large slime creature!
The large slime creature looks as sick as possible!
The large slime creature hits you!!
* * * LOW HITPOINT WARNING * * *
The large slime creature hits you!!
You die...
Your body crumbles into a pile of gold.

$
#......#
#......#
#.[....#
#......#
#....>.#
#......#
#$JJ...#
#@# #<#
#$# #.#
#.# #.#
#.# #.#
#.#


You could see 2 large slime creatures.

Vanquished Creatures
  3 boulder beetles (D:11)
  A two-headed ogre (D:11)
  2 manticores (D:11)
  A cyclops (D:11)
  A gargoyle (D:11)
  2 trolls
  2 polar bears (D:10)
  2 hornets (D:8)
  Sigmund (D:4)
  A wraith (D:10)
  21 yaks
  2 wyverns
  Edmund (D:4)
  A vampire mosquito (D:11)
  An acid dragon (D:10)
  Duvessa (D:5)
  3 water moccasins
  3 sky beasts
  A black bear (D:7)
  An ice beast (D:7)
  3 orc warriors
  An ogre (D:5)
  4 centaurs
  2 phantoms
  A kobold brigand (D:7)
  A bullfrog (D:9)
  A necrophage (D:8)
  A gnoll sergeant (D:9)
  3 scorpions
  12 wights
  Dowan (D:5)
  6 howler monkeys
  3 orc priests
  A jelly (D:6)
  3 hounds
  Crazy Yiuf (D:4)
  Ijyb (D:4)
  3 orc wizards
  An iguana (D:5)
  8 adders
  4 gnolls (D:9)
  An ufetubus (D:5)
  A worm (D:5)
  3 dart slugs
  20 orcs
  10 endoplasms
  4 giant cockroaches
  4 goblins
  5 hobgoblins
  4 jackals (D:4)
  10 kobolds
  3 quokkas (D:1)
  5 ball pythons
  9 bats
  9 frilled lizards
  6 rats
206 creatures vanquished.

Vanquished Creatures (others)
  A bush (D:5)
  4 demonic plants (D:10)
  6 plants (D:5)
11 creatures vanquished.

Grand Total: 217 creatures vanquished

Notes
Turn   | Place    | Note
-------+----------+-------------------------------------------
     0 | D:1      | retardedninja the Hill Orc Fighter began the quest for the
                  | Orb.
     0 | D:1      | Reached XP level 1. HP: 19/19 MP: 1/1
   279 | D:1      | Reached XP level 2. HP: 27/27 MP: 2/2
   283 | D:1      | Reached skill level 3 in Axes
   701 | D:1      | Reached XP level 3. HP: 33/33 MP: 3/3
  1150 | D:1      | Found a faded altar of an unknown god.
  1331 | D:2      | Found an ancient bone altar of Kikubaaqudgha.
  1331 | D:2      | You fall into a shaft and drop 2 floors!
  1539 | D:3      | Reached XP level 4. HP: 31/40 MP: 4/4
  2745 | D:4      | Reached skill level 4 in Axes
  2745 | D:4      | Reached XP level 5. HP: 24/47 MP: 5/5
  3212 | D:4      | Noticed Ijyb
  3225 | D:4      | Killed Ijyb
  3226 | D:4      | Reached skill level 5 in Fighting
  3226 | D:4      | Reached XP level 6. HP: 56/56 MP: 6/6
  3292 | D:4      | Found a staircase to the Ecumenical Temple.
  3297 | Temple   | Entered the Ecumenical Temple
  3336 | Temple   | Became a worshipper of Gozag Ym Sagoz the Greedy
  3808 | D:4      | Noticed Edmund
  3816 | D:4      | Killed Edmund
  4027 | D:4      | Found a glowing golden altar of the Shining One.
  4082 | D:4      | Found a snail-covered altar of Cheibriados.
  4197 | D:4      | Noticed Sigmund
  4211 | D:4      | Killed Sigmund
  4212 | D:4      | Reached skill level 5 in Axes
  4212 | D:4      | Reached skill level 5 in Armour
  4212 | D:4      | Reached skill level 5 in Shields
  4212 | D:4      | Reached XP level 7. HP: 33/62 MP: 7/7
  4448 | D:4      | Found a runed translucent door.
  4449 | D:4      | Noticed Crazy Yiuf
  4644 | D:4      | Killed Crazy Yiuf
  4758 | D:5      | Entered Level 5 of the Dungeon
  5319 | D:4      | Reached skill level 6 in Axes
  5518 | D:5      | Reached XP level 8. HP: 69/71 MP: 8/8
  5709 | D:5      | Noticed Duvessa
  5710 | D:5      | Noticed Dowan
  5716 | D:5      | Killed Duvessa
  5726 | D:5      | Killed Dowan
  6784 | D:6      | Reached skill level 7 in Axes
  6840 | D:6      | Found Retoez's Magic Scroll Shoppe.
  6878 | D:6      | Bought 2 scrolls of enchant armour for 165 gold pieces
  7502 | D:7      | Noticed a yak
  7502 | D:7      | Noticed a yak
  7503 | D:7      | Noticed a yak
  7509 | D:7      | Killed a yak
  7510 | D:7      | Killed a yak
  7511 | D:7      | Reached XP level 9. HP: 55/80 MP: 9/9
  7512 | D:7      | Reached skill level 8 in Axes
  8904 | D:8      | Reached skill level 9 in Axes
  8911 | D:8      | Noticed a hornet
  8920 | D:8      | Killed a hornet
  8932 | D:8      | Noticed a hornet
  8935 | D:8      | Reached XP level 10. HP: 91/91 MP: 10/10
  9303 | D:8      | Identified the +1 robe "Cideczugga" {Dex+4}
  9327 | D:8      | Found Itoexiokk's Assorted Antiques.
  9731 | D:9      | Reached skill level 10 in Axes
  9891 | D:9      | Found a shimmering altar of Xom.
  9912 | D:9      | Reached skill level 10 in Fighting
 10029 | D:9      | Found a basalt altar of Yredelemnul.
 10247 | D:10     | Entered Level 10 of the Dungeon
 10262 | D:10     | Reached skill level 11 in Axes
 10262 | D:10     | Reached XP level 11. HP: 87/101 MP: 11/11
 10411 | D:10     | Found a bloodstained altar of Trog.
 10829 | D:10     | Found a staircase to the Lair.
 11077 | D:10     | Found an ornate altar of the Wu Jian Council.
 11315 | D:11     | Noticed a two-headed ogre
 11323 | D:11     | Killed a two-headed ogre
 11324 | D:11     | Reached skill level 10 in Armour
 11324 | D:11     | Reached skill level 10 in Shields
 11573 | D:11     | Noticed a boulder beetle
 11582 | D:11     | Killed a boulder beetle
 11595 | D:11     | Noticed a boulder beetle
 11606 | D:11     | Killed a boulder beetle
 12028 | D:11     | Noticed a boulder beetle
 12036 | D:11     | Killed a boulder beetle
 12037 | D:11     | Reached skill level 12 in Axes
 12267 | D:11     | Noticed a manticore
 12272 | D:11     | Noticed a manticore
 12277 | D:11     | Killed a manticore
 12283 | D:11     | Killed a manticore
 12480 | D:11     | Noticed a cyclops
 12492 | D:11     | Killed a cyclops
 12744 | D:12     | Slain by a large slime creature

Illustrated notes

Levels and vault maps discovered:
D:1:      eino_arrival_cavern_e, layout_loops_ring,
          dreamdust_ecumenical_altar_angels_and_demons, chequers_arboretum,
          amcnicky_mini_corridor_feature
D:2:      layout_rooms, basic_altar
D:3:      layout_basic
D:4:      layout_cave_pools, mainiacjoe_overflow_alcove_4,
          mainiacjoe_overflow_six_doors_small, temple_doors_e,
          grunt_decor_junction, uniq_ijyb, uniq_crazy_yiuf_cottage, uniq_edmund,
          uniq_sigmund
D:5:      layout_loops_ring, kb_lookout_dungeons_type, minmay_lizard_king,
          uniq_duvessa
D:6:      layout_basic, serial_shops, shop, minmay_misc_feat_iff
D:7:      layout_layer_cave
D:8:      layout_loops_ring, serial_shops, shop
D:9:      layout_big_octagon, mainiacjoe_overflow_boulevard,
          overflow_temple_1_default
D:10:     layout_long_grid, trog_ov_bears_minmay,
          pdpol_wu_jian_five_deadly_venoms, lair_entry_dummy,
          dreamdust_princess_corridor
D:11:     layout_roguey, roderic_serpentine_path, library_closet,
          kennysheep_generic_room_10
D:12:     layout_basic, erik_orc_3, the_hattery
Temple:   compressed_dpeg_triangle_lava_temple

Skill      XL: |  1  2  3  4  5  6  7  8  9 10 11 |
---------------+----------------------------------+-----
Axes           | 3 4 5 6 7 9 11 12 | 12.4
Fighting       | 4 5 6 7 9 10 11 | 11.8
Shields        | 4 5 7 8 9 10 | 10.9
Armour         | 4 5 7 8 9 10 | 10.8

Action                   |  1- 3 |  4- 6 |  7- 9 | 10-12 || total
-------------------------+-------+-------+-------+-------++-------
Melee: War axe           |   102 |   148 |   164 |   205 ||   619
Evoke: Wand              |       |       |       |     4 ||     4
  Use: Potion            |       |     2 |     3 |     3 ||     8
       Scroll            |       |       |    18 |     9 ||    27
 Stab: Distracted        |       |       |       |     3 ||     3
Armor: Scale mail        |    16 |       |       |       ||    16
       Chain mail        |    40 |    82 |    93 |    19 ||   234
       Skin              |       |     5 |       |       ||     5
       Plate armour      |       |       |       |   116 ||   116
Dodge: Dodged            |    50 |    65 |    68 |    71 ||   254
Block: Buckler           |    24 |    34 |    31 |    60 ||   149
